 Dungeon Sprint DCSS version 0.28.0-47-ge53b351184 (webtiles) character file.

Game seed: 3086770506240854474

45615 boopmooplesden the Slayer (level 13, -13/146 HPs)
             Began as a Minotaur Berserker on May 1, 2022.
             Was the Champion of Trog.
             Drowned by a water elemental (15 damage)
             ... summoned by Ilsuiw
             ... in the Dungeon (Sprint III: "The Ten Rune Challenge").
             The game lasted 00:13:38 (7228 turns).

boopmooplesden the Slayer (Minotaur Berserker)      Turns: 7228, Time: 00:13:39

Health: -13/146    AC: 20    Str: 24    XL:     13   Next: 32%
Magic:  9/12       EV: 12    Int:  8    God:    Trog [******]
Gold:   249        SH:  0    Dex: 13    Spells: 12/12 levels left

rFire   . . .      SeeInvis +   J - +2 triple sword (vorpal)
rCold   + . .      Faith    .   (shield currently unavailable)
rNeg    . . .      Spirit   .   w - +1 plate armour
rPois   +          Reflect  .   G - +0 hat {Stlth+}
rElec   +          Harm     .   l - +0 cloak
rCorr   +          Rampage  .   A - +1 pair of gloves {infuse}
Will    +....      NoTele   +   (no boots)
Stlth   ..........              (no amulet)
HPRegen 0.34/turn               B - ring of Midnight {rF- rC+ Will+ Int+4 SInv}
MPRegen 0.13/turn               C - ring of Cukodeth {rElec rF+ Will- rCorr Slay+4}

@: engulfed (cannot breathe), on berserk cooldown, slowed, very slow
A: horns 2, retaliatory headbutt, deformed body, strong-willed 1, poison
resistance
}: 1/10 runes: serpentine
a: Renounce Religion, Berserk, Trog's Hand, Brothers in Arms


You were in the Dungeon.
You worshipped Trog.
Trog was exalted by your worship.
You visited 1 branch You collected 1220 gold pieces.
You spent 971 gold pieces at shops.

Inventory:

Hand Weapons
 a - a +0 falchion
 k - a +3 quarterstaff of chaos
 t - a +4 lajatang
 u - a +3 bardiche of flaming
 v - a +4 great sword of flaming
 y - a +5 demon trident
 F - a +1 demon blade
 J - a +2 vorpal triple sword (weapon)
Missiles
 z - 7 javelins (quivered)
Armour
 b - a +0 kite shield of reflection
 l - a +0 cloak (worn)
 w - a +1 plate armour (worn)
 x - a +2 ring mail of positive energy
 A - a +1 pair of gloves of infusion (worn)
 G - a +0 hat of stealth (worn)
Jewellery
 B - the ring of Midnight (left hand) {rF- rC+ Will+ Int+4 SInv}
   (You bought it in a shop in the Dungeon)

   [ring of willpower]

   Int:       It affects your intelligence (+4).
   rF:        It makes you vulnerable to fire.
   rC:        It protects you from cold.
   SInv:      It lets you see invisible.
   Will:      It increases your willpower.
 C - the ring of Cukodeth (right hand) {rElec rF+ Will- rCorr Slay+4}
   (You found it in the Dungeon)

   [ring of slaying]

   Slay:      It affects your accuracy & damage with ranged weapons and melee
   (+4).
   rF:        It protects you from fire.
   rElec:     It insulates you from electricity.
   rCorr:     It protects you from acid and corrosion.
   Will:      It decreases your willpower.
Wands
 i - a wand of iceblast (13)
Scrolls
 h - a scroll of blinking
 j - a scroll of silence
 n - 2 scrolls of torment
 o - 7 scrolls of identify
 r - 3 scrolls of holy word
 s - a scroll of fear {unknown}
 D - a scroll of enchant weapon {unknown}
 E - a scroll of magic mapping {unknown}
Potions
 c - a potion of curing
 d - 3 potions of heal wounds
 e - a potion of haste
 f - 2 potions of magic
 g - 2 potions of berserk rage
 p - a potion of degeneration
 q - 4 potions of flight
 H - a potion of invisibility {unknown}
 I - a potion of resistance {unknown}
 K - a potion of lignification {unknown}
Miscellaneous
 m - a condenser vane


   Skills:
 + Level 22.7 Fighting
 + Level 13.1 Long Blades
 + Level 22.2 Staves
 + Level 21.5 Armour
 + Level 11.6 Dodging
 + Level 5.4 Stealth
 + Level 1.8 Evocations


You had 12 spell levels left.
You didn't know any spells.
Your spell library was empty.

Dungeon Overview and Level Annotations

Branches:
Dungeon (1/1)

Altars:
Cheibriados
Dithmenos
Elyvilon
Fedhas
Gozag
Hepliaklqana
Kikubaaqudgha
Makhleb
Nemelex Xobeh
Okawaru
Qazlal
Ru
Sif Muna
Trog
Uskayaw
Vehumet
Wu Jian
Xom
Yredelemnul
Zin
The Shining One
Beogh
Jiyva
Lugonu

Shops:
D [[=?[

Annotations:
D Ilsuiw


Innate Abilities, Weirdness & Mutations

You have a pair of horns on your head.
You reflexively headbutt those who attack you in melee.
Armour fits poorly on your strangely shaped body.
You are strong-willed. (Will+)
Your system is resistant to poisons. (rPois)


Message History

The water elemental barely misses you. x2; You furiously retaliate!
You headbutt the water elemental.
You destroy the water elemental!
The water elemental disappears in a puff of smoke!
Ilsuiw hits you from afar with a +1 trident of freezing.
The water elemental barely misses you.
You slip free of the water engulfing you.
You enter the shallow water.
Moving in this stuff is going to be slow.
* * * LOW HITPOINT WARNING * * *
Your lungs strain for air!
Ilsuiw barely misses you. You furiously retaliate!
You headbutt Ilsuiw, but do no damage. The water elemental barely misses you.
Ilsuiw mumbles some strange words.
Ilsuiw flickers and vanishes for a moment.
The water elemental barely misses you.
Ilsuiw hits you with a +1 trident of freezing.
* * * LOW HITPOINT WARNING * * *
Ilsuiw freezes you.
* * * LOW HITPOINT WARNING * * *
The water elemental hits you.
You see here a dream sheep corpse.
You slash Ilsuiw! Your headbutt misses Ilsuiw.
Ilsuiw is moderately wounded.
* * * LOW HITPOINT WARNING * * *
Your lungs strain for air!
Ilsuiw hits you with a +1 trident of freezing.
* * * LOW HITPOINT WARNING * * *
The water elemental barely misses you. You furiously retaliate!
You headbutt the water elemental!
Ilsuiw casts a spell.
Unknown command.
Unknown command.
Level annotation: Ilsuiw Welcome back, boopmooplesden the Minotaur Berserker.
Trog says: Kill them all!
Press ? for a list of commands and other information.
Unknown command.
You slip free of the water engulfing you.
You die...

▓...#≈≈≈≈§§.≈≈♣ ###'♣♣♣♣♣♣♣
▓##'####+#######♣ ♣♣♣♣.##..##≈
▓.......))......♣♣ ♣...##.##.#≈
▓#+#############'♣ ♣♣.##.##)##'
.JJ#≈P...††.....♣ ♣..#.##[..#
▓..J+≈≈...########♣♣ ♣♣.##.##..#
▓..J#≈≈≈...÷.....PP♣ ♣♣.##.#####
▓..J#≈≈≈≈P.÷PP..).P♣ ♣.....##.).
#+#############@#############'##
▓E†≈≈≈≈≈≈≈≈≈≈ #... ▓≈≈mE≈≈≈≈≈≈≈≈
#... ▓≈≈≈.E≈≈≈≈≈.. ####
▓E≈.E..≈≈≈... ##.. ▓≈≈≈..≈≈≈≈≈..
#... ▓≈≈≈≈≈≈≈≈≈≈.. #..#
▓≈≈≈≈≈≈≈≈≈≈≈. #... ▓..≈≈≈≈≈≈≈≈≈≈
##..


You could see Ilsuiw (invisible) and 5 water elementals.

Vanquished Creatures
  Rupert (D)
  Polyphemus (D)
  Gastronok (D)
  Frances (D)
  Donald (D)
  A nagaraja (D)
  2 dire elephants (D)
  Josephine (D)
  A naga warrior (D)
  2 hydras (D)
  A centaur warrior (D)
  3 anacondas (D)
  4 death yaks (D)
  Urug (D)
  A death drake (D)
  A sea snake (D)
  A spriggan druid (D)
  An orange crystal statue (D)
  A lindwurm (D)
  An orc knight (D)
  2 orc sorcerers (D)
  A deep elf pyromancer (D)
  6 black mambas (D)
  A guardian serpent (D)
  2 elephants (D)
  A rime drake (D)
  A komodo dragon (D)
  2 cane toads (D)
  2 unseen horrors (D)
  4 spriggan defenders (D)
  2 tyrant leeches (D)
  An orc high priest (D)
  3 dream sheep (D)
  8 blink frogs (D)
  3 wandering mushrooms (D)
  A shadow (D)
  2 spriggans (D)
  3 redbacks (D)
  A spatial vortex (D)
  2 nagas (D)
  3 water moccasins (D)
  A floating eye (D)
  A fire dragon simulacrum (D)
  A swamp drake (D)
  4 orc warriors (D)
  A necrophage (D)
  2 centaurs (D)
  An earth elemental (D)
  A water elemental (D)
  27 killer bees (D)
  An electric eel (D)
  A jelly (D)
  Crazy Yiuf (D)
  3 orc priests (D)
  A wizard (D)
  A necromancer (D)
  4 orc wizards (D)
  A polar bear simulacrum (D)
  2 wolf simulacra (D)
  3 humans (D)
  A kobold demonologist (D)
  5 adders (D)
  7 orcs (D)
  An endoplasm (D)
  3 rats (D)
152 creatures vanquished.

Vanquished Creatures (collateral kills)
  5 killer bees (D)
5 creatures vanquished.

Vanquished Creatures (others)
  A queen bee (D)
  9 plants (D)
10 creatures vanquished.

Grand Total: 167 creatures vanquished

Notes
Turn   | Place    | Note
-------+----------+-------------------------------------------
     0 | D        | boopmooplesden the Minotaur Berserker began the quest for
                  | the Orb.
     0 | D        | Reached XP level 1. HP: 19/19 MP: 0/0
   107 | D        | Reached ** piety under Trog
   136 | D        | Reached skill level 5 in Fighting
   136 | D        | Reached skill level 5 in Long Blades
   136 | D        | Reached XP level 2. HP: 29/29 MP: 1/1
   303 | D        | Noticed Crazy Yiuf
   310 | D        | Killed Crazy Yiuf
   311 | D        | Reached XP level 3. HP: 34/37 MP: 2/2
   413 | D        | Gained mutation: You are frail. (-10% HP) [potion of
                  | mutation]
   413 | D        | Gained mutation: You occasionally shout uncontrollably at
                  | your foes. [potion of mutation]
   413 | D        | Gained mutation: You are agile. (Dex +2) [potion of
                  | mutation]
   414 | D        | Lost mutation: You are frail. (-10% HP) [potion of
                  | mutation]
   414 | D        | Lost mutation: You are agile. (Dex +2) [potion of mutation]
   414 | D        | Lost mutation: You occasionally shout uncontrollably at
                  | your foes. [potion of mutation]
   414 | D        | Gained mutation: Armour fits poorly on your strangely
                  | shaped body. [potion of mutation]
   414 | D        | Gained mutation: You are resistant to electric shocks.
                  | (rElec) [potion of mutation]
   415 | D        | Lost mutation: You are resistant to electric shocks.
                  | (rElec) [potion of mutation]
   415 | D        | Lost mutation: Armour fits poorly on your strangely shaped
                  | body. [potion of mutation]
   415 | D        | Gained mutation: You are strong-willed. (Will+) [potion of
                  | mutation]
   415 | D        | Gained mutation: Your system is resistant to poisons.
                  | (rPois) [potion of mutation]
   415 | D        | Gained mutation: Armour fits poorly on your strangely
                  | shaped body. [potion of mutation]
   447 | D        | Noticed a water elemental
   453 | D        | Killed a water elemental
   454 | D        | Reached skill level 1 in Staves
   454 | D        | Reached XP level 4. HP: 42/47 MP: 3/3
   610 | D        | Found a radiant altar of Vehumet.
   611 | D        | Found a shimmering blue altar of Sif Muna.
   611 | D        | Found an ancient bone altar of Kikubaaqudgha.
   611 | D        | Noticed a wizard
   613 | D        | Killed a wizard
   613 | D        | Reached *** piety under Trog
   621 | D        | Reached skill level 5 in Armour
   621 | D        | Reached XP level 5. HP: 53/53 MP: 4/4
   706 | D        | Found a basalt altar of Yredelemnul.
   706 | D        | Found a shadowy altar of Dithmenos.
   706 | D        | Found a sacrificial altar of Ru.
   706 | D        | Noticed a necrophage
   711 | D        | Reached **** piety under Trog
   712 | D        | Killed a necrophage
   713 | D        | Reached skill level 5 in Dodging
   833 | D        | Found a hide-covered altar of Uskayaw.
   833 | D        | Found an iron altar of Okawaru.
   835 | D        | Found a bloodstained altar of Trog.
   835 | D        | Found an ornate altar of the Wu Jian Council.
   835 | D        | Noticed a human
   835 | D        | Noticed a human
   841 | D        | Killed a human
   842 | D        | Reached skill level 10 in Fighting
   842 | D        | Reached skill level 10 in Long Blades
   842 | D        | Reached skill level 5 in Staves
   842 | D        | Reached XP level 6. HP: 66/66 MP: 5/5
   843 | D        | Killed a human
   844 | D        | Reached XP level 7. HP: 73/73 MP: 6/6
   923 | D        | Found a glowing silver altar of Zin.
   923 | D        | Found a glowing golden altar of the Shining One.
   923 | D        | Found a white marble altar of Elyvilon.
   924 | D        | Noticed a deep elf pyromancer
   925 | D        | Noticed a fire elemental
   926 | D        | Noticed a fire elemental
   926 | D        | Noticed a fire elemental
   932 | D        | Killed a deep elf pyromancer
   932 | D        | Reached ***** piety under Trog
  1169 | D        | Noticed a shadow
  1176 | D        | Killed a shadow
  1177 | D        | Reached XP level 8. HP: 82/82 MP: 7/7
  1184 | D        | Found a blossoming altar of Fedhas.
  1184 | D        | Found a stormy altar of Qazlal.
  1184 | D        | Found a snail-covered altar of Cheibriados.
  1184 | D        | Found a burning altar of Makhleb.
  1184 | D        | Found a shimmering altar of Xom.
  1185 | D        | Found a hazy altar of Hepliaklqana.
  1185 | D        | Found an opulent altar of Gozag.
  1185 | D        | Found a sparkling altar of Nemelex Xobeh.
  1185 | D        | Found a corrupted altar of Lugonu.
  1185 | D        | Found a viscous altar of Jiyva.
  1274 | D        | Noticed Josephine
  1283 | D        | Killed Josephine
  1284 | D        | Reached skill level 10 in Armour
  1284 | D        | Reached skill level 1 in Stealth
  1386 | D        | Reached XP level 9. HP: 27/91 MP: 8/8
  1642 | D        | Noticed a centaur warrior
  1647 | D        | Received a gift from Trog
  1650 | D        | Killed a centaur warrior
  1686 | D        | Killed an unseen horror
  1929 | D        | Killed an unseen horror
  2086 | D        | Received a gift from Trog
  2086 | D        | Reached ****** piety under Trog
  2094 | D        | Noticed a queen bee
  2095 | D        | Reached XP level 10. HP: 91/102 MP: 9/9
  2097 | D        | Received a gift from Trog
  2098 | D        | Reached skill level 15 in Staves
  2106 | D        | Received a gift from Trog
  2345 | D        | Noticed an orc sorcerer
  2345 | D        | Noticed an orc knight
  2349 | D        | Received a gift from Trog
  2350 | D        | Killed an orc knight
  2367 | D        | Killed an orc sorcerer
  2370 | D        | Received a gift from Trog
  2372 | D        | Noticed an orc sorcerer
  2374 | D        | Found Enosuwoc's Armour Emporium.
  2383 | D        | Paralysed by an orc sorcerer for 4 turns
  2384 | D        | Reached skill level 15 in Fighting
  2390 | D        | Killed an orc sorcerer
  2390 | D        | Received a gift from Trog
  2467 | D        | Bought a +2 ring mail of positive energy for 234 gold
                  | pieces
  2497 | D        | Noticed Donald
  2497 | D        | Noticed Frances
  2509 | D        | Killed Donald
  2510 | D        | Reached skill level 10 in Dodging
  2510 | D        | Reached skill level 1 in Evocations
  2516 | D        | Killed Frances
  2517 | D        | Reached XP level 11. HP: 100/114 MP: 10/10
  2682 | D        | Received a gift from Trog
  2980 | D        | Noticed an orange crystal statue
  2993 | D        | Killed an orange crystal statue
  3019 | D        | Received a gift from Trog
  3359 | D        | Received a gift from Trog
  3558 | D        | Reached skill level 15 in Armour
  3875 | D        | Noticed a lindwurm
  3881 | D        | Killed a lindwurm
  4229 | D        | Noticed Urug
  4234 | D        | Killed Urug
  4589 | D        | Noticed a six-headed hydra
  4589 | D        | Noticed a five-headed hydra
  4600 | D        | Killed an eight-headed hydra
  4600 | D        | Received a gift from Trog
  4607 | D        | Killed an eight-headed hydra
  4725 | D        | Found a blossoming altar of Fedhas.
  4725 | D        | Noticed a spriggan druid
  4725 | D        | Noticed a death drake
  4732 | D        | Killed a spriggan druid
  4738 | D        | Killed a death drake
  4739 | D        | Reached XP level 12. HP: 111/128 MP: 11/11
  4911 | D        | Received a gift from Trog
  4912 | D        | Noticed an anaconda
  4920 | D        | Killed an anaconda
  4925 | D        | Reached skill level 5 in Stealth
  5033 | D        | Noticed an anaconda
  5038 | D        | Killed an anaconda
  5043 | D        | Received a gift from Trog
  5142 | D        | Noticed an anaconda
  5152 | D        | Killed an anaconda
  5439 | D        | Noticed a nagaraja
  5439 | D        | Noticed a naga warrior
  5460 | D        | Killed a nagaraja
  5468 | D        | Killed a naga warrior
  5468 | D        | Received a gift from Trog
  5629 | D        | Found Hyabu Nuythro's Antique Armour Shop.
  5629 | D        | Found Geme's Jewellery Shoppe.
  5631 | D        | Found Myam's Magic Scroll Boutique.
  5637 | D        | Bought a pair of runed gloves for 202 gold pieces
  5638 | D        | Bought the ring of Midnight {rF- rC+ Will+ Int+4 SInv} for
                  | 535 gold pieces
  5653 | D        | Got a serpentine rune of Zot
  5744 | D        | Identified the ring of Cukodeth {rElec rF+ Will- rCorr
                  | Slay+4}
  6107 | D        | Received a gift from Trog
  6394 | D        | Noticed a dire elephant
  6394 | D        | Noticed a dire elephant
  6394 | D        | Noticed Gastronok
  6405 | D        | Killed a dire elephant
  6405 | D        | Received a gift from Trog
  6412 | D        | Killed a dire elephant
  6426 | D        | Killed Gastronok
  6699 | D        | Noticed an azure jelly
  6699 | D        | Noticed an azure jelly
  6699 | D        | Noticed an azure jelly
  6700 | D        | Noticed an azure jelly
  6702 | D        | Noticed Rupert
  6711 | D        | Killed Rupert
  6711 | D        | Received a gift from Trog
  6712 | D        | Reached XP level 13. HP: 145/145 MP: 7/12
  6892 | D        | Received a gift from Trog
  7092 | D        | Noticed Polyphemus
  7105 | D        | Killed Polyphemus
  7204 | D        | Noticed Ilsuiw
  7205 | D        | Found Deackuv's Antique Armour Shoppe.
  7215 | D        | Identified the +10 quarterstaff of Awkwardness {vorpal, rN+
                  | rCorr} (Trog gifted it to you in the Dungeon)
  7215 | D        | Received a gift from Trog
  7227 | D        | HP: 6/146 [drowned by a water elemental[Ilsuiw] (16)]
  7227 | D        | HP: 2/146 [Ilsuiw/+1 trident of freezing (5)]
  7228 | D        | Drowned by a water elemental

Illustrated notes

Levels and vault maps discovered:
D:        dungeon_sprint_mu [sprint_mu_entry_forest, sprint_mu_temple_rooms,
          sprint_mu_d1_horrors, sprint_mu_d2_genie, sprint_mu_d3_branching,
          sprint_mu_orc_legion, sprint_mu_elf_gauntlet, sprint_mu_hive_nellie,
          sprint_mu_lair_fedhas, sprint_mu_vaults_butterflies,
          sprint_mu_slime_circle, sprint_mu_shoals_archi,
          sprint_mu_snake_twists, sprint_mu_blade_basic, sprint_mu_crypt_lich,
          sprint_mu_tomb_spiral, sprint_mu_vestibule_basic,
          sprint_mu_gehenna_hellfire, sprint_mu_dis_giant,
          sprint_mu_tartarus_statrot, sprint_mu_cocytus_islands, sprint_mu_zot1]

Skill      XL: |  1  2  3  4  5  6  7  8  9 10 11 12 13 |
---------------+----------------------------------------+-----
Fighting       | 5 6 7 10 11 12 13 16 18 21 22 | 22.7
Long Blades    | 5 6 7 8 10 12 13 | 13.1
Armour         | 3 4 5 6 7 8 10 12 13 17 20 21 | 21.5
Dodging        | 3 4 5 6 7 8 10 11 | 11.6
Staves         | 1 2 5 6 8 11 14 17 19 21 22 | 22.2
Stealth        | 1 2 4 5 |  5.4
Evocations     | 1 |  1.8

Action                   |  1- 3 |  4- 6 |  7- 9 | 10-12 | 13-15 || total
-------------------------+-------+-------+-------+-------+-------++-------
Melee: Falchion          |    17 |       |       |       |       ||    17
       Headbutt          |     3 |     4 |    16 |    46 |    15 ||    84
       Quarterstaff      |     5 |    20 |    72 |       |       ||    97
       Lajatang          |       |       |     1 |   308 |    21 ||   330
       Triple sword      |       |       |       |       |    29 ||    29
Invok: Berserk           |     3 |     3 |     5 |    14 |     3 ||    28
Evoke: Condenser vane    |       |       |     1 |     1 |       ||     2
  Use: Potion            |     3 |       |       |       |       ||     3
       Scroll            |       |       |       |     6 |       ||     6
 Stab: Confused          |       |       |       |     2 |       ||     2
       Distracted        |       |       |       |     1 |       ||     1
Armor: Ring mail         |     4 |     3 |    40 |     8 |       ||    55
       Plate armour      |       |       |       |    74 |    24 ||    98
Dodge: Dodged            |     8 |     9 |    31 |   142 |    33 ||   223
